 Dungeon Crawl Stone Soup version 0.21.1-1-g345015f (webtiles) character file.

90 sendhelp the Conjurer (level 4, 0/31 HPs)
             Began as a Draconian Conjurer on Apr 17, 2018.
             Was an Initiate of Hepliaklqana.
             Shot with an arrow by a centaur (9 damage)
             ... on level 3 of the Dungeon.
             The game lasted 00:11:09 (2753 turns).

sendhelp the Conjurer (Draconian Conjurer)          Turns: 2753, Time: 00:11:09

Health: 0/31       AC:  6    Str: 10    XL:     4   Next: 32%
Magic:  16/16      EV: 12    Int: 15    God:    Hepliaklqana [......]
Gold:   166        SH:  0    Dex: 13    Spells: 3/7 levels left

rFire    . . .     SeeInvis .   m - +1 spear
rCold    . . .     Gourm    .   (no shield)
rNeg     . . .     Faith    .   (armour unavailable)
rPois    +         Spirit   .   (helmet restricted)
rElec    .         Reflect  .   (no cloak)
rCorr    .         Harm     .   p - +0 pair of gloves
MR       .....                  (no boots)
Stlth    ++........             t - amulet of rage
HPRegen  0.10/turn              h - ring of poison resistance
MPRegen  0.15/turn              n - ring of magical power

@: heavily drained
A: unfitting armour, reduced essence, cold-blooded, AC +5
a: Recall Ancestor, Ancestor Identity, Renounce Religion, Evoke Berserk Rage


You were on level 3 of the Dungeon.
You worshipped Hepliaklqana.
Hepliaklqana was noncommittal.
You were not hungry.

You visited 1 branch of the dungeon, and saw 3 of its levels.

You collected 166 gold pieces.

Inventory:

Hand Weapons
 c - a +0 spear
 e - a +0 trident
 m - a +1 spear (weapon)
 s - a +0 flail of draining
Missiles
 d - 9 arrows
 i - 43 sling bullets
 l - 50 stones (quivered)
Armour
 p - a +0 pair of gloves (worn)
 r - a +0 leather armour
Jewellery
 h - a ring of poison resistance (left hand)
 k - an uncursed ring of poison resistance
 n - a ring of magical power (right hand)
 t - an amulet of rage (around neck)
Wands
 o - a wand of iceblast (10)
Scrolls
 f - 3 scrolls of remove curse
 g - a scroll of identify
Potions
 j - 2 potions of agility
 q - a potion of brilliance {unknown}
Books
 a - a book of Conjurations

   Spells                             Type                      Level
   a - Magic Dart                     Conjuration                  1
   b - Searing Ray                    Conjuration                  2
   c - Dazzling Spray                 Conjuration/Hexes            3
   d - Fulminant Prism                Conjuration/Hexes            4
   e - Force Lance                    Conjuration/Translocation    4
   f - Iskenderun's Mystic Blast      Conjuration                  4
Comestibles
 b - 4 rations


   Skills:
 + Level 1.3(0.1) Fighting
 + Level 1.2(0.1) Polearms
 + Level 2.4(1.2) Dodging
 - Level 2.0(0.8) Stealth
 + Level 2.4(1.2) Spellcasting
 + Level 4.3(3.1) Conjurations
 + Level 0.4(0.0) Hexes
 + Level 1.1(0.0) Invocations


You had 3 spell levels left.
You knew the following spells:

 Your Spells              Type           Power        Failure   Level  Hunger
a - Magic Dart            Conj           ##..         7%          1    ##.....
b - Dazzling Spray        Conj/Hex       #.....       36%         3    ####...


Dungeon Overview and Level Annotations

Branches:
Dungeon (3/15)

Altars:
Hepliaklqana


Innate Abilities, Weirdness & Mutations

Your plain brown scales are hard. (AC +5)
You cannot fit into any form of body armour.
You are cold-blooded and may be slowed by cold attacks.
Your life essence is reduced to manifest your ancestor. (-10% HP)


Message History

You barely miss the orc.
The orc is heavily wounded.
Tao'nas hits the orc.
The orc dies!
The centaur shoots an arrow.
The arrow hits you.
Attack whom?
Press: ? - help, Dir - move target cursor, f - centaur
Aim: a centaur, wielding a shortbow You reach to attack!
You hit the centaur.
The centaur is lightly wounded.
The centaur shoots an arrow.
The arrow hits you!
The centaur shoots an arrow.
The arrow hits you.
* * * LOW HITPOINT WARNING * * *
Tao'nas barely misses the centaur.
You are too injured to fight recklessly!
The centaur shoots an arrow.
The arrow closely misses you.
Tao'nas hits the centaur.
You see here an arrow.
The centaur shoots an arrow.
The arrow hits you!
You die...

## #####.. .. ## .......
.## ..###.. ###....
..####... ... ....###
##......# #.# ###...[
#.##......# #.# ##...##.
.).......# ##.###..#####
#c######..##..##..>.
.###.###R)@..........>..###
....<...(((................
..#############.#..########
#...## #..## ####


You could see the friendly Tao'nas the ancestor and a centaur.

Vanquished Creatures
  3 adders (D:2)
  A worm (D:2)
  A leopard gecko (D:3)
  4 orcs (D:3)
  2 giant cockroaches
  5 goblins
  4 hobgoblins
  A jackal (D:2)
  7 bats
  A frilled lizard (D:2)
  4 kobolds
  2 rats (D:2)
35 creatures vanquished.

Vanquished Creatures (collateral kills)
  A leopard gecko (D:2)
  2 orcs (D:3)
  3 goblins
  3 jackals (D:2)
  A kobold (D:2)
  3 bats
  A frilled lizard (D:2)
14 creatures vanquished.

Vanquished Creatures (others)
  2 ancestors
2 creatures vanquished.

Grand Total: 51 creatures vanquished

Notes
Turn   | Place    | Note
-------+----------+-------------------------------------------
     0 | D:1      | sendhelp the Draconian Conjurer began the quest for the Orb.
     0 | D:1      | Reached XP level 1. HP: 14/14 MP: 3/3
   852 | D:2      | Found a hazy altar of Hepliaklqana.
   860 | D:2      | Became a worshipper of Hepliaklqana the Forgotten
   870 | D:2      | Reached XP level 2. HP: 8/19 MP: 5/5
  1491 | D:2      | Reached skill level 1 in Fighting
  1491 | D:2      | Reached XP level 3. HP: 23/25 MP: 6/6
  1499 | D:2      | Learned a level 3 spell: Dazzling Spray
  1624 | D:2      | Reached skill level 1 in Polearms
  1888 | D:2      | Reached skill level 1 in Invocations
  2327 | D:3      | Reached XP level 4. HP: 31/31 MP: 7/7
  2741 | D:3      | Noticed a centaur
  2753 | D:3      | Shot with an arrow by a centaur

Skill      XL: |  1  2  3 |
---------------+----------+-----
Stealth        | 2 |  2.0
Dodging        | 2 |  2.4
Fighting       | 1 |  1.3
Polearms       | 1 |  1.2
Invocations    | 1 |  1.1
Spellcasting   | |  2.4
Conjurations   | |  4.3
Hexes          | |  0.4

Action                   |  1- 3 |  4- 6 || total
-------------------------+-------+-------++-------
Melee: Spear             |   119 |    40 ||   159
       Tailslap          |     4 |     1 ||     5
 Cast: Dazzling Spray    |       |     1 ||     1
Invok: Ancestor Identity |     1 |       ||     1
       Recall Ancestor   |       |     1 ||     1
  Use: Scroll            |     7 |     1 ||     8
       Potion            |     1 |     1 ||     2
 Stab: Sleeping          |     3 |     1 ||     4
  Eat: Chunk             |     4 |     2 ||     6
Armor: Skin              |    35 |     3 ||    38
Dodge: Dodged            |    77 |    24 ||   101
